Map: Néo-Gettysburg EC

Players

RedBaron

  • Race: Zerg Zerg
  • League: Platinum

IA (très facile) - Winner!

  • Race: Protoss Protoss

VOD

Have the link to the VOD?

Description

Time

  • Played on: Aug. 11, 2016, 4:27 a.m.
  • Length: 5:38
Show
View Real Time Build Order
Export as new Build Order

RedBaron Zerg 

Build Orders: Hatch First 

Get SALT Encoding   

  12  0:01  Drone  
  13  0:14  Overlord  
  13  0:18  Drone  
  14  0:38  Drone x3  
  17  0:57  Hatchery  
  16  1:01  Drone  
  17  1:05  Drone  
  17  1:08  Extractor  
  17  1:17  Drone  
  18  1:25  Spawning Pool  
  18  1:30  Drone  
  18  1:36  Drone  
  19  1:44  Overlord  
  19  2:00  Drone  
  20  2:06  Drone  
  21  2:10  Drone  
  21  2:11  Queen  
  21  2:15  Queen  
  26  2:26  Metabolic Boost  
  26  2:28  Zergling x2  
  27  2:33  Drone x3  
  30  2:38  Overlord  
  30  2:47  Drone  
  30  2:49  Queen  
  33  2:53  Queen  
  33  2:58  Drone  
  36  2:59  Drone  
  36  3:01  Drone  
  36  3:04  Drone  
  39  3:13  Overlord x2  
  39  3:25  Drone x3  
  39  3:26  Drone x2  
  44  3:29  Extractor  
  43  3:37  Extractor  
  42  3:41  Roach Warren  
  41  3:49  Hatchery  
  41  3:52  Drone x4  
  41  3:53  Drone  
  45  4:02  Drone x2  
  47  4:03  Drone x2  
  49  4:12  Overlord x2  
  49  4:16  Drone x2  
  51  4:40  Roach x8  
  67  4:47  Overlord x3  
  66  5:03  Roach x4  
  76  5:15  Roach x5  
  76  5:16  Roach  
  76  5:18  Roach  
Show
View Real Time Build Order
Export as new Build Order

IA (très facile) Protoss - Winner!

Build Orders:  

Get SALT Encoding   

  12  0:01  Probe (Chrono Boost)  
  13  0:11  Probe (Chrono Boost)  
  14  0:20  Pylon  
  14  0:36  Assimilator  
  14  0:43  Gateway  
  14  0:45  Pylon  
  14  1:14  Assimilator  
  14  1:28  Zealot  
  14  1:29  Probe (Chrono Boost)  
  14  1:32  Cybernetics Core  
  18  1:40  Probe (Chrono Boost)  
  18  1:51  Probe (Chrono Boost)  
  19  1:57  Warp Gate  
  19  2:02  Probe (Chrono Boost)  
  20  2:13  Probe (Chrono Boost)  
  21  2:24  Probe (Chrono Boost)  
  22  2:35  Stalker  
  23  4:10  Probe (Chrono Boost)  
  24  4:27  Probe (Chrono Boost)  
Tags
 
Add a new tag
Caveats
  • Supply blocks, unpowered buildings, or Contaminate may cause inaccurate times.
  • Supply counts are checked every 10 seconds.